 Dungeon Crawl Stone Soup version 0.30.1-4-g462c640d31 (webtiles) character file.

Game seed: 5384645955415339768

626 Babbit the Covert (level 7, 0/46 (60) HPs)
             Began as a Gnoll Delver on Sept 18, 2023.
             Slain by a wight
             ... wielding a +2 great sword
              (9 damage)
             ... on level 3 of the Dungeon.
             The game lasted 00:26:11 (3554 turns).

Babbit the Covert (Gnoll Delver)                    Turns: 3554, Time: 00:26:12

HP:   0/46 (60)     AC:  3    Str: 19    XL:     7   Next: 47%
MP:   0/19          EV: 14    Int:  9    God:
Gold: 208           SH:  0    Dex: 14    Spells: 11/11 levels left

rFire   + . .        t - +1 dagger (speed)
rCold   . . .        (no shield)
rNeg    . . .        u - +1 robe of Masochism {rF+ MP+9}
rPois   .            (no helmet)
rElec   .            (no cloak)
rCorr   .            (no gloves)
SInv    .            (no boots)
Will    .....        l - amulet of guardian spirit
Stlth   ++++         m - +6 ring of strength
HPRegen 0.27/turn    (no ring)
MPRegen 0.16/turn

%: guardian spirit
@: heavily drained
A: fangs 1, strong nose, distributed training
a: no special abilities


You were on level 3 of the Dungeon.
You visited 1 branch of the dungeon, and saw 5 of its levels.

You collected 208 gold pieces.

Inventory:

Hand Weapons
 a - a +0 mace
 t - a +1 dagger of speed (weapon)
Missiles
 s - 4 boomerangs (quivered)
Armour
 b - a +0 leather armour
 u - the +1 robe of Masochism (worn) {rF+ MP+9}
   (You found it on level 2 of the Dungeon)

   rF:        It protects you from fire.
   MP:        It affects your magic capacity (+9).
Jewellery
 l - an amulet of guardian spirit (around neck)
 m - a +6 ring of strength (left hand)
Wands
 f - a wand of roots (3)
 g - a wand of digging (3)
Scrolls
 c - 2 scrolls of fog
 d - 2 scrolls of magic mapping
 h - 3 scrolls of poison
 q - 2 scrolls of teleportation
 r - a scroll of enchant armour {unknown}
 v - a scroll of blinking
 x - 2 scrolls of enchant weapon {unknown}
 y - a scroll of acquirement {unknown}
Potions
 e - a potion of degeneration {unknown}
 i - a potion of invisibility {unknown}
 j - 2 potions of lignification
 n - 2 potions of curing {unknown}
 o - 4 potions of brilliance
 p - a potion of mutation {unknown}
 w - a potion of attraction {unknown}


   Skills:
 + Level 7.1 Fighting
 + Level 2.6 Short Blades
 + Level 2.6 Long Blades
 + Level 2.6 Axes
 + Level 5.3 Maces & Flails
 + Level 2.6 Polearms
 + Level 2.6 Staves
 + Level 2.6 Ranged Weapons
 + Level 2.6 Throwing
 + Level 2.6 Armour
 + Level 5.3 Dodging
 + Level 9.9 Stealth
 + Level 2.6 Shields
 + Level 2.6 Unarmed Combat
 + Level 2.6 Spellcasting
 + Level 2.1 Conjurations
 + Level 2.1 Hexes
 + Level 2.1 Summonings
 + Level 2.1 Necromancy
 + Level 2.1 Translocations
 + Level 2.1 Transmutations
 + Level 2.1 Fire Magic
 + Level 2.1 Ice Magic
 + Level 2.1 Air Magic
 + Level 2.1 Earth Magic
 + Level 2.1 Poison Magic
 + Level 2.9 Invocations
 + Level 2.6 Evocations


You had 11 spell levels left.
You didn't know any spells.
Your spell library contained the following spells:

 Spells                   Type           Power      Damage    Failure   Level
 Ensorcelled Hibernation  Hex/Ice        10%        N/A       21%         2
 Passwall                 Tmut/Erth      4%         N/A       21%         2
 Dazzling Flash           Conj/Hex       10%        N/A       36%         3
 Ozocubu's Armour         Ice            5%         N/A       36%         3
 Spider Form              Tmut/Pois      5%         N/A       36%         3
 Swiftness                Air            5%         N/A       36%         3
 Volatile Blastmotes      Fire/Tloc      10%        2d10      36%         3
 Anguish                  Hex/Necr       2%         N/A       78%         4
 Iskenderun's Mystic Bla  Conj/Tloc      5%         2d3       78%         4
 Olgreb's Toxic Radiance  Pois           5%         N/A       78%         4
 Starburst                Conj/Fire      2%         6d3       100%        6
 Ozocubu's Refrigeration  Ice            2%         4d8       100%        7
 Discord                  Hex            2%         N/A       100%        8
 Ignition                 Fire           2%         3d3       100%        8


Dungeon Overview and Level Annotations

Branches:
Dungeon (5/15)
 Temple: D:4-7

Altars:
Gozag

Shops:
D:1 !

Annotations:
D:3 Edmund


Innate Abilities, Weirdness & Mutations

You have very sharp teeth.
Your uncanny sense of smell can sniff out nearby items.
Your experience applies equally to all skills.


Message History

The wight is moderately damaged.
The wight closely misses you.
You barely miss the wight.
The wight is moderately damaged.
You hit the wight.
The wight is moderately damaged.
The wight closely misses you.
You hit the wight but do no damage.
The wight is moderately damaged.
You hit the wight but do no damage.
The wight is moderately damaged.
The wight closely misses you.
You closely miss the wight.
The wight is moderately damaged.
You closely miss the wight.
The wight is moderately damaged.
The wight barely misses you.
You hit the wight but do no damage.
The wight is moderately damaged.
You hit the wight but do no damage.
The wight is moderately damaged.
The wight hits you with a +2 great sword!
* * * LOW HITPOINT WARNING * * *
You feel drained.
* * * LOW HITPOINT WARNING * * *
You hit the wight.
The wight is heavily damaged.
The wight hits you with a +2 great sword.
* * * LOW HITPOINT WARNING * * *
You completely miss the wight.
The wight is heavily damaged.
You hit the wight but do no damage. You bite the wight, but do no damage.
The wight is heavily damaged.
The wight misses you.
You closely miss the wight. You bite the wight, but do no damage.
The wight is heavily damaged.
You hit the wight but do no damage.
The wight is heavily damaged.
The wight hits you with a +2 great sword!
You die...

......#.@Bh.................#..##
......+...#######..........##.##.
......#...# #..........##.#..
......#...# #....####.##..#..
.)....#...# #....# #..##....#
......#...#######....###.###.####
................#....##...##.....
.......########.#.(.....#......##
.......# #.@....###########
.......# ##.z...# .......#
#.##### ..(....#########.#
...............#.#
.........[.....#.#
...............#.###
...................######
#####.).................#


You could see a wight.

Vanquished Creatures
  Sigmund (D:2)
  A black bear (D:4)
  A scorpion (D:4)
  A wight (D:4)
  A jelly (D:4)
  A hound (D:5)
  Terence (D:3)
  8 adders
  A white imp (D:5)
  A worm (D:2)
  4 dart slugs
  7 orcs
  5 ball pythons
  8 bats
  8 endoplasms
  2 giant cockroaches (D:3)
  9 goblins
  8 hobgoblins
  5 jackals
  5 quokkas
  6 kobolds
  6 rats
90 creatures vanquished.

Notes
Turn   | Place    | Note
-------+----------+-------------------------------------------
     0 | D:5      | Reached skill level 9 in Stealth
     0 | D:5      | Babbit the Gnoll Delver began the quest for the Orb.
     0 | D:5      | Reached XP level 1. HP: 23/23 MP: 1/1
    15 | D:5      | Noticed a centaur
   223 | D:5      | Reached XP level 2. HP: 20/29 MP: 2/2
   273 | D:5      | Noticed a howler monkey
   354 | D:5      | Reached skill level 1 in Invocations
   354 | D:5      | Reached XP level 3. HP: 24/35 MP: 2/4
   490 | D:5      | Reached skill level 1 in Short Blades
   490 | D:5      | Reached skill level 1 in Long Blades
   490 | D:5      | Reached skill level 1 in Axes
   490 | D:5      | Reached skill level 1 in Polearms
   490 | D:5      | Reached skill level 1 in Staves
   490 | D:5      | Reached skill level 1 in Ranged Weapons
   490 | D:5      | Reached skill level 1 in Throwing
   490 | D:5      | Reached skill level 1 in Armour
   490 | D:5      | Reached skill level 1 in Shields
   490 | D:5      | Reached skill level 1 in Unarmed Combat
   490 | D:5      | Reached skill level 1 in Spellcasting
   490 | D:5      | Reached skill level 1 in Evocations
   569 | D:5      | Reached XP level 4. HP: 36/41 MP: 5/5
   669 | D:4      | Noticed Edmund
   718 | D:3      | Reached skill level 1 in Conjurations
   718 | D:3      | Reached skill level 1 in Hexes
   718 | D:3      | Reached skill level 1 in Summonings
   718 | D:3      | Reached skill level 1 in Necromancy
   718 | D:3      | Reached skill level 1 in Translocations
   718 | D:3      | Reached skill level 1 in Transmutations
   718 | D:3      | Reached skill level 1 in Fire Magic
   718 | D:3      | Reached skill level 1 in Ice Magic
   718 | D:3      | Reached skill level 1 in Air Magic
   718 | D:3      | Reached skill level 1 in Earth Magic
   718 | D:3      | Reached skill level 1 in Poison Magic
  1312 | D:1      | Found Miumasot's Distillery.
  1344 | D:1      | Found a faded altar of an unknown god.
  1349 | D:1      | Reached XP level 5. HP: 47/47 MP: 7/7
  1702 | D:2      | Identified the +1 robe of Masochism {rF+ MP+9}
  1970 | D:2      | Noticed Sigmund
  1973 | D:2      | Killed Sigmund
  1974 | D:2      | Reached skill level 5 in Maces & Flails
  1974 | D:2      | Reached skill level 5 in Dodging
  1974 | D:2      | Reached XP level 6. HP: 53/53 MP: 9/9
  2419 | D:3      | Noticed Terence
  2426 | D:3      | Killed Terence
  2449 | D:3      | Found an opulent altar of Gozag.
  2951 | D:4      | Noticed a black bear
  2967 | D:4      | Killed a black bear
  2968 | D:4      | Reached XP level 7. HP: 42/60 MP: 10/10
  3554 | D:3      | Slain by a wight

Illustrated notes

Levels and vault maps discovered:
D:1:      matt_arrival_spirals, layout_rooms, serial_shops, shop,
          shapermc_ecumenical_altar_notcrosses, nicolae_figureground_sparkle
D:2:      layout_basic, minivault_11, uniq_sigmund
D:3:      minmay_evil_eye, layout_basic, grunt_gozag_breadcrumbs,
          kennysheep_generic_room_3, uniq_terence
D:4:      layout_cave_pools, uniq_edmund
D:5:      layout_basic, serial_corexii_hall, corexii_hall_statues_s,
          corexii_hall_statues_s, corexii_hall_statues_l,
          chequers_hall_statues_corner_a, kennysheep_generic_room_10

Skill      XL: |  1  2  3  4  5  6  7 |
---------------+----------------------+-----
Stealth        | |  9.9
Invocations    | 1 2 |  2.9
Short Blades   | 1 2 |  2.6
Long Blades    | 1 2 |  2.6
Axes           | 1 2 |  2.6
Polearms       | 1 2 |  2.6
Staves         | 1 2 |  2.6
Ranged Weapons | 1 2 |  2.6
Throwing       | 1 2 |  2.6
Armour         | 1 2 |  2.6
Shields        | 1 2 |  2.6
Unarmed Combat | 1 2 |  2.6
Spellcasting   | 1 2 |  2.6
Evocations     | 1 2 |  2.6
Conjurations   | 1 2 |  2.1
Hexes          | 1 2 |  2.1
Summonings     | 1 2 |  2.1
Necromancy     | 1 2 |  2.1
Translocations | 1 2 |  2.1
Transmutations | 1 2 |  2.1
Fire Magic     | 1 2 |  2.1
Ice Magic      | 1 2 |  2.1
Air Magic      | 1 2 |  2.1
Earth Magic    | 1 2 |  2.1
Poison Magic   | 1 2 |  2.1
Maces & Flails | 5 |  5.3
Dodging        | 5 |  5.3
Fighting       | 7 |  7.1

Action                     |  1- 3 |  4- 6 |  7- 9 || total
---------------------------+-------+-------+-------++-------
  Melee: Mace              |    36 |   113 |       ||   149
         Bite              |     6 |    26 |     9 ||    41
         Punch             |       |     4 |     3 ||     7
         Dagger            |       |   112 |   102 ||   214
  Throw: Boomerang         |       |       |     2 ||     2
    Use: Potion            |       |     1 |     4 ||     5
         Scroll            |       |     8 |     2 ||    10
   Stab: Sleeping          |     1 |    25 |     3 ||    29
 Armour: Leather armour    |     5 |    26 |       ||    31
         Robe              |       |    10 |     6 ||    16
  Dodge: Dodged            |    27 |   148 |    41 ||   216
